 Dungeon Crawl Stone Soup version 0.27-a0-34-gc18c9092ac (webtiles) character file.

Game seed: 588624081130671503

495588 voltaire321 the Warrior (level 23, -12/208 (211) HPs)
             Began as a Demonspawn Brigand on Jan 4, 2021.
             Was the Champion of Makhleb.
             Mangled by a spriggan defender
             ... wielding a +5 rapier of speed
             ... led by the Enchantress
              (24 damage)
             ... on level 4 of the Depths.
             The game lasted 03:10:24 (43511 turns).

voltaire321 the Warrior (Demonspawn Brigand)       Turns: 43511, Time: 03:10:24

HP:   -12/208 (211) AC: 23    Str: 21    XL:     23   Next: 95%
MP:   37/37         EV: 32    Int: 24    God:    Makhleb [******]
Gold: 2537          SH: 21    Dex: 32    Spells: 23/26 levels left

rFire    + . .     SeeInvis +   d - +5 war axe "Thing" {venom, rF+ Dex+3}
rCold    + + +     Faith    .   z - +5 kite shield {reflect}
rNeg     + + .     Spirit   .   B - +3 ring mail of the Kraken {rN++ Slay+6 SInv}
rPois    +         Reflect  +   H - +3 crown of Dyrovepreva {rElec Int+2 SInv}
rElec    +         Harm     .   q - +2 cloak {Stlth+}
rCorr    .         Rampage  .   W - +2 pair of gloves {Dex+3}
Will     +....     NoTele   +   (boots unavailable)
Stlth    ..........             R - amulet of regeneration
HPRegen  0.84/turn              g - ring "Eleaj" {rElec rC++ Will+ Str+6 Stlth-}
MPRegen  0.25/turn              v - ring of Heabbos {*Contam rPois Int+8 Dex+6 Stlth-}

@: mighty, weak-willed, cannot translocate, studying 2 skills, lightly drained
A: hooves 3, rugged brown scales 3, blurry vision 1, cold resistance 1, demonic
guardian 3, passive freeze, powered by pain 1, freezing cloud immunity
}: 2/15 runes: serpentine, barnacled
a: Renounce Religion, Minor Destruction, Lesser Servant of Makhleb, Major
Destruction, Greater Servant of Makhleb


You were on level 4 of the Depths.
You worshipped Makhleb.
Makhleb was exalted by your worship.
You visited 9 branches of the dungeon, and saw 43 of its levels.
You also visited: Sewer, Ossuary, Ice Cave and Desolation.

You collected 5255 gold pieces.
You spent 2718 gold pieces at shops.

Inventory:

Hand Weapons
 d - the +5 war axe "Thing" (weapon) {venom, rF+ Dex+3}
   (You took it off an orc on level 4 of the Dungeon)

   It poisons the flesh of those it strikes.
   It affects your dexterity (+3).
   It protects you from fire.
 J - a +6 war axe of flaming
Missiles
 f - 8 datura-tipped darts
 k - 6 curare-tipped darts
 t - 10 atropa-tipped darts
 C - 60 javelins
 I - 66 boomerangs (quivered)
Armour
 q - a +2 cloak of stealth (worn)
 z - a +5 kite shield of reflection (worn)
 B - the +3 ring mail of the Kraken (worn) {rN++ Slay+6 SInv}
   (You found it on level 4 of the Dungeon)

   It affects your accuracy and damage with ranged weapons and melee attacks
   (+6).
   It greatly protects you from negative energy.
   It lets you see invisible.
 H - the +3 crown of Dyrovepreva (worn) {rElec Int+2 SInv}
   (You found it on level 2 of the Depths)

   It affects your intelligence (+2).
   It insulates you from electricity.
   It lets you see invisible.
 W - a +2 pair of gloves of dexterity (worn)
Jewellery
 g - the ring "Eleaj" (left hand) {rElec rC++ Will+ Str+6 Stlth-}
   (You bought it in a shop on level 1 of the Elven Halls)

   [ring of strength]

   It affects your strength (+6).
   It greatly protects you from cold.
   It insulates you from electricity.
   It affects your willpower, your defense against some magical effects.
   It makes you less stealthy.
 v - the ring of Heabbos (right hand) {*Contam rPois Int+8 Dex+6 Stlth-}
   (You found it on level 1 of the Snake Pit)

   [ring of dexterity]

   It affects your intelligence (+8).
   It affects your dexterity (+6).
   It protects you from poison.
   It causes magical contamination when unequipped.
   It makes you less stealthy.
 O - an uncursed ring of resist corrosion
 R - an amulet of regeneration (around neck)
Wands
 e - a wand of paralysis (9)
 D - a wand of random effects (4)
 G - a wand of flame (28)
 Q - a wand of acid (11)
 T - a wand of enslavement (5)
 U - a wand of iceblast (16)
 X - a wand of digging (18)
Scrolls
 c - a scroll of silence
 j - 20 scrolls of remove curse
 l - 25 scrolls of identify
 n - 8 scrolls of magic mapping
 o - 5 scrolls of fear
 s - 21 scrolls of teleportation
 u - 8 scrolls of blinking
 y - 2 scrolls of brand weapon
 F - 2 scrolls of summoning
 N - 5 scrolls of amnesia
Potions
 a - 11 potions of might
 b - 7 potions of heal wounds
 h - 6 potions of invisibility
 i - 14 potions of haste
 p - 15 potions of curing
 r - 9 potions of flight
 w - 15 potions of brilliance
 x - 5 potions of mutation
 E - 6 potions of resistance
 K - 4 potions of berserk rage
 M - 7 potions of lignification
 Y - 8 potions of cancellation
 Z - 3 potions of magic
Books
 A - a manual of Stealth
 P - a manual of Axes
Miscellaneous
 S - a phantom mirror


   Skills:
 + Level 20.3 Fighting
 - Level 1.7 Short Blades
 - Level 16.0 Axes
 - Level 14.0 Throwing
 - Level 10.0 Armour
 + Level 18.9 Dodging
 - Level 3.6 Stealth
 - Level 15.0 Shields
 - Level 2.0 Spellcasting
 - Level 5.0 Translocations
 - Level 20.0 Invocations
 - Level 5.0 Evocations


You had 23 spell levels left.
You knew the following spells:

 Your Spells              Type           Power        Failure   Level
a - Apportation           Tloc           52%          2%          1
b - Blink                 Tloc           N/A          3%          2

Your spell library contained the following spells:

 Spells                   Type           Power        Failure   Level
 Gell's Gravitas          Tloc           13%          7%          3
 Lesser Beckoning         Tloc           13%          7%          3
 Teleport Other           Tloc           26%          7%          3
 Animate Skeleton         Necr           4%           17%         1
 Beastly Appendage        Tmut           4%           17%         1
 Corona                   Hex            2%           17%         1
 Freeze                   Ice            8%           17%         1
 Magic Dart               Conj           8%           17%         1
 Pain                     Necr           8%           17%         1
 Sting                    Tmut/Pois      8%           17%         1
 Summon Small Mammal      Summ           8%           17%         1
 Portal Projectile        Hex/Tloc       28%          19%         3
 Passage of Golubria      Tloc           N/A          22%         4
 Call Imp                 Summ           2%           26%         2
 Corpse Rot               Necr/Air       N/A          26%         2
 Ensorcelled Hibernation  Hex/Ice        4%           26%         2
 Poisonous Vapours        Pois/Air       4%           26%         2
 Searing Ray              Conj           4%           26%         2
 Slow                     Hex            2%           26%         2
 Sublimation of Blood     Necr           1%           26%         2
 Wereblood                Tmut           2%           26%         2
 Dazzling Flash           Conj/Hex       4%           45%         3
 Ignite Poison            Fire/Tmut/Pois 2%           45%         3
 Inner Flame              Hex/Fire       2%           45%         3
 Mephitic Cloud           Conj/Pois/Air  2%           45%         3
 Ozocubu's Armour         Ice            2%           45%         3
 Spider Form              Tmut/Pois      1%           45%         3
 Static Discharge         Conj/Air       2%           45%         3
 Stone Arrow              Conj/Erth      4%           45%         3
 Tukima's Dance           Hex            2%           45%         3
 Vampiric Draining        Necr           1%           45%         3
 Iskenderun's Mystic Bla  Conj/Tloc      14%          52%         4
 Airstrike                Air            1%           86%         4
 Animate Dead             Necr           1%           86%         4
 Cause Fear               Hex            1%           86%         4
 Dispel Undead            Necr           2%           86%         4
 Fulminant Prism          Conj/Hex       1%           86%         4
 Hailstorm                Conj/Ice       2%           86%         4
 Ice Form                 Ice/Tmut       2%           86%         4
 Leda's Liquefaction      Hex/Erth       1%           86%         4
 Olgreb's Toxic Radiance  Pois           2%           86%         4
 Petrify                  Tmut/Erth      2%           86%         4
 Summon Ice Beast         Ice/Summ       2%           86%         4
 Summon Lightning Spire   Summ/Air       2%           86%         4
 Summon Forest            Summ/Tloc      7%           86%         5
 Dispersal                Tloc           13%          98%         6
 Agony                    Necr           2%           99%         5
 Alistair's Intoxication  Tmut/Pois      1%           99%         5
 Blade Hands              Tmut           1%           99%         5
 Excruciating Wounds      Necr           1%           99%         5
 Irradiate                Conj/Tmut      1%           99%         5
 Lightning Bolt           Conj/Air       1%           99%         5
 Metabolic Englaciation   Hex/Ice        1%           99%         5
 Yara's Violent Unravell  Hex/Tmut       1%           99%         5
 Eringya's Noxious Bog    Tmut/Pois      1%           100%        6
 Freezing Cloud           Conj/Ice/Air   1%           100%        6
 Hydra Form               Tmut           1%           100%        6
 Invisibility             Hex            2%           100%        6
 Ozocubu's Refrigeration  Ice            1%           100%        6
 Simulacrum               Ice/Necr       1%           100%        6
 Haunt                    Necr/Summ      1%           100%        7
 Summon Hydra             Summ           1%           100%        7
 Borgnjor's Revivificati  Necr           1%           100%        8
 Ignition                 Fire           1%           100%        8
 Infestation              Necr           1%           100%        8
 Necromutation            Tmut/Necr      1%           100%        8
 Death's Door             Necr           1%           100%        9
 Dragon's Call            Summ           1%           100%        9
 Shatter                  Erth           1%           100%        9
 Tornado                  Air            1%           100%        9


Dungeon Overview and Level Annotations

Branches:
Dungeon (15/15)            Temple (1/1) D:6            Lair (6/6) D:11
 Shoals (4/4) Lair:3        Snake (4/4) Lair:3        Slime (0/5) Lair:6
    Orc (2/2) D:9             Elf (3/3) Orc:2        Vaults (4/5) D:14
  Crypt (0/3) Vaults:2     Depths (4/5) D:15          Sewer (visited)
Ossuary (visited)           IceCv (visited)         Desolation (visited)

Altars:
Ashenzari
Cheibriados
Dithmenos
Elyvilon
Fedhas
Gozag
Hepliaklqana
Kikubaaqudgha
Makhleb
Nemelex Xobeh
Okawaru
Qazlal
Ru
Sif Muna
Trog
Uskayaw
Vehumet
Wu Jian
Xom
Yredelemnul
Zin
The Shining One
Beogh

Shops:
D:5 [   D:6 [   D:12 [   D:15 !   Orc:2 =(((   Elf:1 ![=:*   Elf:3 !!!?
Snake:3 *   Snake:4 (:

Portals:
Hell: Depths:1 Depths:2
Abyss: Depths:4
Ziggurat: Depths:2

Annotations:
D:3 2 transporters, JJDubz's ghost, amateur HaHu
D:12 3 runed translucent doors, SkiChan's ghost, journeyman GrBe
Elf:2 3 runed translucent doors
Depths:4 the Enchantress


Innate Abilities, Weirdness & Mutations

You have hooves in place of feet.
You are completely covered in rugged brown scales. (AC +3, +7% HP)
Your flesh is cold resistant. (rC+)
A powerful demonic guardian rushes to your aid.
A frigid envelope surrounds you and freezes all who hurt you.
You sometimes gain a little power by taking damage.
You are immune to freezing clouds.
Scrolls take you a little longer to read.


Message History

The spriggan falls from its now dead mount.
The spriggan defender hits you with a +5 rapier of speed!!
* * * LOW HITPOINT WARNING * * *
You focus on the pain.
You feel very mighty all of a sudden.
The spriggan defender is very cold.
The spriggan defender is severely wounded.
The spriggan defender hits you with a +1 rapier of draining!
* * * LOW HITPOINT WARNING * * *
You partially resist.
You feel drained.
The spriggan defender is very cold.
The spriggan defender is almost dead.
You block the spriggan rider's attack.
The spriggan air mage waves its arms in wide circles.
The air twists around and strikes you!!
* * * LOW HITPOINT WARNING * * *
The golden dragon zombie completely misses you.
You block the golden dragon zombie's attack.
The golden dragon zombie barely misses you.
The spriggan defender hits you with a +5 rapier of speed!!
You die...

.. ..# ... ..# .... ..#
....# #..# :....####...#
.......$....##
.....ii......#
.!...GiiZ## #++#
.....ii@#'### ##..##
.....i#i##..#####....###
......#.##..##.#'#..#'#.
..... #.#+##[#..######..
..... ...####....# #...
.... .........### ###.
...# .....##### ## .....
#..


You could see the Enchantress (fast, repels missiles), 2 spriggan defenders, a
spriggan rider, a glowing orange brain, 3 spriggan air magi, a spriggan
(burning) and a golden dragon zombie.

Vanquished Creatures
  Xtahua (Vaults:4)
  A caustic shrike (Depths:2)
  An Ice Fiend (IceCv)
  3 liches
  A deep elf blademaster (Elf:3)
  A titan (Vaults:4)
  2 tentacled monstrosities
  2 deep elf master archers (Elf:3)
  2 sphinxes
  2 tengu reavers
  2 shadow dragons (Depths:4)
  Donald (Orc:2)
  A storm dragon (Depths:2)
  11 nagarajas
  6 fire giants
  Roxanne (Snake:3)
  Aizul (Elf:3)
  18 vault wardens
  5 deep elf sorcerers (Elf:3)
  3 imperial myrmidons (Desolation)
  10 frost giants
  Louise (D:14)
  A spriggan defender (Depths:4)
  2 deep elf elementalists (Elf:3)
  12 ironheart preservers
  13 very ugly things
  10 deep elf demonologists
  11 stone giants
  Nessos (D:15)
  2 entropy weavers (Lair:4)
  10 deep elf annihilators (Elf:3)
  7 spark wasps
  The ghost of Numknucks the Fighter, a journeyman FeSu of Vehumet (Snake:1)
  A halazid warlock (Desolation)
  7 ettins
  5 merfolk javelineers
  Snorg (D:10)
  2 crystal guardians
  4 fire dragons
  5 deep elf death magi
  An eidolon (Vaults:2)
  9 ragged hierophants (Desolation)
  11 yaktaur captains
  6 great orbs of eyes
  7 deep elf high priests (Elf:3)
  10 merfolk impalers
  7 ice dragons
  2 spriggan air magi (Depths:4)
  4 rakshasas
  10 naga warriors
  6 merfolk avatars
  11 hydras
  6 peacekeepers (Desolation)
  6 servants of whispers (Desolation)
  8 vault guards
  4 boulder beetles
  16 centaur warriors
  3 alligator snapping turtles
  6 death knights
  Erica (D:9)
  4 merfolk aquamancers
  4 catoblepae
  16 ogre magi
  3 satyrs (Shoals:4)
  15 dancing weapons
  10 death yaks
  8 anacondas
  8 deep troll shamans
  A queen ant (Lair:4)
  50 two-headed ogres
  10 naga sharpshooters
  6 deep troll earth magi
  3 spriggan berserkers (Depths:4)
  4 tengu warriors
  3 vampire magi
  Urug (Orc:2)
  8 shock serpents
  8 deep elf knights
  7 hell knights (Depths:2)
  3 shadow wraiths
  13 skeletal warriors
  2 salamander mystics
  2 flayed ghosts
  22 sea snakes
  3 iron trolls
  An orange crystal statue (Depths:3)
  An unseen horror (shapeshifter) (Vaults:2)
  4 unseen horrors
  A glowing orange brain (Depths:2)
  20 deep trolls
  2 wizards
  3 naga ritualists
  10 orc knights
  3 necromancers
  A wolf spider zombie (D:15)
  14 deep elf archers
  6 phantasmal warriors
  49 ugly things
  15 harpies
  A wolf spider (shapeshifter) (Depths:1)
  14 ironbrand convokers
  4 orc sorcerers
  A frost giant zombie (Depths:1)
  An oklob plant (Lair:1)
  22 manticores
  45 deep elf magi
  3 wolf spiders
  5 mana vipers
  10 fauns
  A cyclops (shapeshifter) (Depths:1)
  15 elephants
  13 cyclopes
  7 salamanders
  7 merfolk sirens
  An elephant (shapeshifter) (Depths:2)
  24 black mambas
  3 ice statues (IceCv)
  7 naga magi
  5 guardian serpents
  4 water nymphs
  Maurice (D:8)
  10 cane toads
  13 vault sentinels
  A gargoyle (D:13)
  2 molten gargoyles (Desolation)
  8 komodo dragons
  2 rime drakes (Lair:6)
  6 centaur skeletons
  A yaktaur (shapeshifter) (Vaults:1)
  A torpor snail (Lair:6)
  3 kobold demonologists
  An efreet (D:13)
  A yaktaur skeleton (Depths:1)
  59 yaktaurs
  12 freezing wraiths
  11 ice devils (IceCv)
  4 anaconda simulacra
  An entropy weaver simulacrum (Vaults:1)
  44 merfolk
  4 tengu conjurers
  A small abomination (Elf:3)
  2 trolls
  A polar bear (shapeshifter) (Vaults:1)
  5 hornets
  A jumping spider (shapeshifter) (Depths:2)
  11 polar bears
  54 saltlings (Desolation)
  3 raiju (Depths:3)
  3 wind drakes
  A raiju (shapeshifter) (Vaults:2)
  12 blink frogs (Lair:1)
  A fire giant simulacrum (Vaults:2)
  15 slime creatures
  A wind drake (shapeshifter) (Depths:1)
  A dream sheep (shapeshifter) (Vaults:1)
  7 snapping turtles
  7 dream sheep
  A human simulacrum (Vaults:2)
  A stone giant simulacrum (Vaults:3)
  A fire dragon skeleton (Depths:1)
  3 dire elephant simulacra (IceCv)
  2 spriggans
  A deep troll skeleton (Depths:1)
  A yak (shapeshifter) (Depths:4)
  A vampire (D:14)
  A redback (Lair:3)
  4 air elementals
  A tarantella (Lair:3)
  14 water elementals
  14 wraiths
  41 yaks
  5 wyverns
  A hog (shapeshifter) (Vaults:2)
  2 humans (shapeshifter)
  5 hogs (Shoals:4)
  3 basilisks
  2 fire elementals
  4 vampire mosquitoes (D:13)
  Edmund (D:6)
  12 soldier ants
  2 harpy simulacra (IceCv)
  44 nagas
  5 wargs
  13 water moccasins
  2 hydra simulacra (IceCv)
  21 orc warriors
  2 snapping turtle zombies (Depths:3)
  5 hell hounds (Depths:3)
  2 black bears (shapeshifter)
  A hornet zombie (D:13)
  An eye of draining (shapeshifter) (D:11)
  3 ice beasts
  3 phantoms
  7 black bears
  An eye of draining (D:13)
  3 sky beasts
  57 ogres
  5 boggarts
  2 necrophages
  19 wolves
  21 centaurs
  2 big kobolds (D:10)
  19 bullfrogs
  2 gnoll sergeants
  2 earth elementals
  A wyvern zombie (D:14)
  7 scorpions
  An elf simulacrum (Vaults:1)
  15 killer bees
  5 wights (D:8)
  An electric eel (Lair:3)
  8 howler monkeys
  2 bullfrog zombies
  4 hounds
  14 jellies
  26 orc priests
  3 centaur zombies
  2 gnoll shamans (D:7)
  Crazy Yiuf (D:4)
  A bullfrog skeleton (D:10)
  17 orc wizards
  An iguana (shapeshifter) (Depths:4)
  12 iguanas
  40 worker ants
  12 hell rats
  A killer bee zombie (D:7)
  A hound skeleton (D:8)
  14 mummies
  12 gnolls
  2 river rats (D:5)
  21 adders
  A howler monkey skeleton (D:6)
  A shadow imp (D:10)
  2 white imps
  An ufetubus (D:8)
  2 oozes
  2 adder skeletons
  An adder zombie (D:9)
  7 worms
  6 dart slugs
  5 leopard geckos
  90 orcs
  13 bats
  6 giant cockroaches
  11 goblins
  4 hobgoblins
  16 jackals
  6 quokkas
  11 ball pythons
  4 frilled lizards
  3 gnoll skeletons (Ossuary)
  2 goblin skeletons (Ossuary)
  24 kobolds
  A kobold skeleton (Ossuary)
  A leopard gecko skeleton (D:6)
  2 orc skeletons (Ossuary)
  9 rats
  11 rat skeletons (Ossuary)
  5 bushes
  3 crawling corpses (Elf:3)
1992 creatures vanquished.

Vanquished Creatures (collateral kills)
  A golden dragon (Depths:4)
  A deep elf blademaster (Elf:3)
  A deep elf master archer (Elf:3)
  A storm dragon (Depths:4)
  A nagaraja (Snake:4)
  A fire giant (Depths:4)
  An imperial myrmidon (Desolation)
  2 vault wardens (Vaults:2)
  A deep elf elementalist (Elf:3)
  An ironheart preserver (Vaults:2)
  2 very ugly things
  A spark wasp (Depths:1)
  An ettin (Depths:2)
  3 merfolk impalers
  2 deep elf death magi (Elf:3)
  A ragged hierophant (Desolation)
  2 servants of whispers (Desolation)
  Erolcha (Orc:2)
  A hydra (Lair:4)
  2 naga warriors
  A peacekeeper (Desolation)
  A merfolk avatar (Shoals:3)
  2 anacondas (Snake:4)
  A death knight (Vaults:2)
  7 two-headed ogres
  An ogre mage (Vaults:2)
  A death yak (Lair:6)
  A vampire mage (Depths:2)
  2 deep troll earth magi
  4 naga sharpshooters
  A deep elf knight (Elf:3)
  A spriggan berserker (Depths:2)
  A deep troll (D:15)
  A sea snake (Snake:4)
  A harpy (Shoals:1)
  2 deep elf archers (Vaults:4)
  5 deep elf magi
  2 mana vipers
  A manticore (Shoals:4)
  3 ugly things
  A salamander (Snake:3)
  A merfolk siren (Shoals:4)
  3 fauns (Shoals:1)
  A guardian serpent (Snake:4)
  A water nymph (Shoals:1)
  5 black mambas
  A vault sentinel (Vaults:2)
  A molten gargoyle (Desolation)
  A yaktaur (Depths:2)
  A komodo dragon (Lair:2)
  A troll (Orc:1)
  3 merfolk
  A raiju (shapeshifter) (Vaults:4)
  2 saltlings (Desolation)
  2 hornets
  A blink frog (Lair:1)
  3 yaks
  A fire elemental (Elf:3)
  A hog (Shoals:4)
  9 nagas
  An orc warrior (D:5)
  3 ogres
  A centaur (D:14)
  Blork the orc (D:4)
  A scorpion (D:7)
  A killer bee (D:9)
  A howler monkey (D:6)
  2 orc wizards
  An orc priest (Orc:1)
  2 worker ants
  An adder (D:5)
  A river rat (D:5)
  5 orcs
  5 jackals
132 creatures vanquished.

Vanquished Creatures (others)
  Kirke (Shoals:4)
  A large abomination (Elf:3)
  A merfolk impaler (Shoals:4)
  A deep elf high priest (Elf:3)
  A deep elf knight (Elf:3)
  A saltling (Desolation)
  An air elemental (Elf:3)
  A spriggan (Depths:4)
  A human (Shoals:4)
  2 nagas
  2 bushes (D:15)
  A crawling corpse (Elf:3)
  21 fungi
  128 plants
  2 withered plants (D:2)
165 creatures vanquished.

Grand Total: 2289 creatures vanquished

Notes
Turn   | Place    | Note
-------+----------+-------------------------------------------
     0 | D:1      | voltaire321 the Demonspawn Brigand began the quest for the
                  | Orb.
     0 | D:1      | Reached XP level 1. HP: 16/16 MP: 1/1
    33 | D:1      | Reached skill level 1 in Dodging
   156 | D:1      | Gained mutation: A weak demonic guardian rushes to your
                  | aid. [demonic ancestry]
   156 | D:1      | Reached XP level 2. HP: 22/22 MP: 2/2
   316 | D:1      | You fall into a shaft and drop 1 floor!
   410 | D:2      | Reached skill level 1 in Armour
   589 | D:2      | Gained mutation: You have large cloven feet. [demonic
                  | ancestry]
   589 | D:2      | Reached XP level 3. HP: 28/28 MP: 3/3
   673 | D:2      | Found a hazy altar of Hepliaklqana.
   797 | D:2      | Found a basalt altar of Yredelemnul.
  1064 | D:1      | Gained mutation: You have hoof-like feet. [demonic
                  | ancestry]
  1064 | D:1      | Reached XP level 4. HP: 31/34 MP: 4/4
  1879 | D:2      | Found a shadowy altar of Dithmenos.
  2014 | D:3      | Found a transporter.
  2016 | D:3      | Noticed an unseen horror
  2017 | D:3      | Found a transporter.
  2019 | D:3      | Noticed JJDubz's ghost (amateur HaHu)
  2359 | D:3      | Gained mutation: You sometimes gain a little power by
                  | taking damage. [demonic ancestry]
  2359 | D:3      | Reached XP level 5. HP: 33/41 MP: 5/5
  3345 | D:4      | Identified the +5 war axe "Thing" {venom, rF+ Dex+3}
  3373 | D:4      | Gained mutation: You are partially covered in rugged brown
                  | scales. (AC +1, +3% HP) [demonic ancestry]
  3373 | D:4      | Reached XP level 6. HP: 33/48 MP: 6/6
  3515 | D:4      | Noticed Blork the orc
  3535 | D:4      | HP: 1/48 [Blork the orc/+3 trident of protection (8)]
  3961 | D:4      | Found a runed translucent door.
  3962 | D:4      | Noticed Crazy Yiuf
  3972 | D:4      | Killed Crazy Yiuf
  3978 | D:4      | Got a jewelled mace
  3979 | D:4      | Identified the +7 mace "Spiderslayer" {freeze, Int+3} (You
                  | found it on level 4 of the Dungeon)
  3981 | D:4      | Got a jewelled mace
  3982 | D:4      | Identified the +6 mace "Woufat" {pain, rElec Will++ Dex-3
                  | Stlth+} (You found it on level 4 of the Dungeon)
  4035 | D:4      | Reached skill level 1 in Axes
  4180 | D:4      | Found a blossoming altar of Fedhas.
  4384 | D:4      | Reached XP level 7. HP: 52/54 MP: 7/7
  4415 | D:4      | Killed Blork the orc
  4481 | D:4      | Found an iron altar of Okawaru.
  4554 | D:4      | Got a bloodstained ring mail
  4566 | D:4      | Identified the +3 ring mail of the Kraken {rN++ Slay+6
                  | SInv} (You found it on level 4 of the Dungeon)
  4647 | D:5      | Entered Level 5 of the Dungeon
  4717 | D:5      | Found a glowing drain.
  4724 | Sewer    | Entered a sewer
  5819 | D:5      | Found Rosol's Antique Armour Boutique.
  6006 | D:5      | Found a hide-covered altar of Uskayaw.
  6045 | D:5      | Found a stormy altar of Qazlal.
  6326 | D:6      | Found Zaepno's Antique Armour Shop.
  6326 | D:6      | Found a staircase to the Ecumenical Temple.
  6418 | D:6      | Reached XP level 8. HP: 55/62 MP: 8/8
  6432 | D:6      | Noticed Edmund
  6442 | D:6      | Killed Edmund
  6443 | D:6      | Reached skill level 1 in Shields
  6646 | D:6      | Reached skill level 5 in Fighting
  6658 | D:6      | Found an opulent altar of Gozag.
  6876 | Temple   | Entered the Ecumenical Temple
  6956 | Temple   | Became a worshipper of Makhleb the Destroyer
  7064 | D:7      | Found a sand-covered staircase.
  7094 | Ossuary  | Entered an ossuary
  7142 | Ossuary  | Reached skill level 1 in Invocations
  7178 | Ossuary  | Reached * piety under Makhleb
  7256 | Ossuary  | Reached XP level 9. HP: 66/70 MP: 9/9
  7456 | D:7      | Found a glowing silver altar of Zin.
  7472 | D:7      | Reached skill level 5 in Axes
  7506 | D:7      | Reached ** piety under Makhleb
  7639 | D:7      | Reached skill level 5 in Throwing
  8180 | D:8      | Found a runed translucent gate.
  8181 | D:8      | Found a runed translucent gate.
  8182 | D:8      | Found a runed translucent door.
  8334 | D:8      | Found a snail-covered altar of Cheibriados.
  8388 | D:8      | Found the +9 staff of Olgreb {rPois∞}
  8416 | D:8      | Found a runed translucent gate.
  8417 | D:8      | Found a runed translucent door.
  8537 | D:8      | Noticed Maurice
  8551 | D:8      | Killed Maurice
  8552 | D:8      | Reached skill level 5 in Armour
  8552 | D:8      | Reached skill level 5 in Dodging
  8800 | D:8      | Reached XP level 10. HP: 78/78 MP: 11/13
  8858 | D:8      | Reached *** piety under Makhleb
  8927 | D:9      | Found a sparkling altar of Nemelex Xobeh.
  9346 | D:9      | Reached skill level 5 in Invocations
  9376 | D:9      | Noticed Erica
  9377 | D:9      | Found a staircase to the Orcish Mines.
  9382 | D:9      | Killed Erica
  9394 | D:9      | Found a roughly hewn altar of Beogh.
  9412 | D:9      | Reached **** piety under Makhleb
  9526 | D:10     | Entered Level 10 of the Dungeon
  9810 | D:10     | Noticed Snorg
  9820 | D:10     | Killed Snorg
  9821 | D:10     | Reached skill level 1 in Evocations
  9821 | D:10     | Gained mutation: You have hooves in place of feet. [demonic
                  | ancestry]
  9821 | D:10     | Reached XP level 11. HP: 74/86 MP: 15/15
 10450 | D:11     | Found a staircase to the Lair.
 10805 | Lair:1   | Entered Level 1 of the Lair of Beasts
 10840 | Lair:1   | Reached ***** piety under Makhleb
 11146 | Lair:1   | Noticed an oklob plant
 11161 | Lair:1   | Learned a level 5 spell: Blade Hands
 11182 | Lair:1   | Killed an oklob plant
 11187 | Lair:1   | Identified a scroll of acquirement
 11187 | Lair:1   | Acquired a manual of Throwing
 11542 | Lair:1   | Reached XP level 12. HP: 64/95 MP: 18/18
 11903 | Lair:2   | Noticed a six-headed hydra
 11916 | Lair:2   | Killed a six-headed hydra
 12722 | Lair:3   | Reached skill level 10 in Axes
 12859 | Lair:3   | Noticed an eight-headed hydra
 12868 | Lair:3   | Killed an eight-headed hydra
 12917 | Lair:3   | Noticed a catoblepas
 12934 | Lair:3   | Killed a catoblepas
 13020 | Lair:3   | Reached skill level 5 in Evocations
 13043 | Lair:3   | Noticed a four-headed hydra
 13088 | Lair:2   | Killed a ten-headed hydra
 13219 | Lair:3   | Noticed an eight-headed hydra
 13226 | Lair:3   | Killed an eight-headed hydra
 13232 | Lair:3   | Found a runed translucent door.
 13275 | Lair:3   | Noticed a boulder beetle
 13284 | Lair:3   | Killed a boulder beetle
 13348 | Lair:3   | Found a staircase to the Snake Pit.
 13512 | Lair:3   | Found a staircase to the Shoals.
 13763 | Lair:4   | Reached XP level 13. HP: 104/104 MP: 20/20
 13797 | Lair:4   | Noticed an entropy weaver
 13804 | Lair:4   | Noticed an entropy weaver
 13812 | Lair:4   | Reached skill level 10 in Invocations
 14519 | Lair:4   | Reached ****** piety under Makhleb
 14536 | Lair:4   | Killed an entropy weaver
 14847 | Lair:4   | Killed an entropy weaver
 15736 | Lair:6   | Entered Level 6 of the Lair of Beasts
 15750 | Lair:5   | Reached skill level 10 in Fighting
 15837 | Lair:6   | Reached skill level 5 in Shields
 15858 | Lair:6   | Found a staircase to the Slime Pits.
 15903 | Lair:6   | Reached skill level 10 in Throwing
 15903 | Lair:6   | Gained mutation: You are mostly covered in rugged brown
                  | scales. (AC +2, +5% HP) [demonic ancestry]
 15903 | Lair:6   | Reached XP level 14. HP: 100/115 MP: 22/22
 17104 | Orc:1    | Entered Level 1 of the Orcish Mines
 17326 | Orc:1    | Found a roughly hewn altar of Beogh.
 17469 | Orc:2    | Entered Level 2 of the Orcish Mines
 17469 | Orc:2    | Noticed Erolcha
 17476 | Orc:2    | Killed Erolcha
 17550 | Orc:2    | Found Zusu's Antique Weapon Shop.
 17550 | Orc:2    | Found Kiwyase's Jewellery Emporium.
 17551 | Orc:2    | Found Piryosy's Weapon Shoppe.
 17551 | Orc:2    | Found Ugiavupp's Antique Weapon Shop.
 17594 | Orc:2    | Reached XP level 15. HP: 116/122 MP: 24/24
 17752 | Orc:2    | Found a staircase to the Elven Halls.
 17804 | Orc:2    | Found a bloodstained altar of Trog.
 17848 | Orc:2    | Noticed Donald
 17863 | Orc:2    | Killed Donald
 17864 | Orc:2    | Reached skill level 10 in Dodging
 17936 | Orc:2    | Noticed Urug
 17947 | Orc:2    | Killed Urug
 18106 | Orc:1    | Paralysed by an orc sorcerer for 4 turns
 18611 | D:12     | Noticed SkiChan's ghost (journeyman GrBe)
 18612 | D:12     | Found a runed translucent gate.
 18613 | D:12     | Found a runed translucent gate.
 18614 | D:12     | Found a runed translucent gate.
 19121 | D:12     | Found Xosusoyd's Armour Emporium.
 19124 | D:12     | Bought a +2 pair of gloves of dexterity for 258 gold pieces
 20017 | D:13     | Found the +9 sword of Zonguldrok {reap}
 20293 | D:13     | Reached skill level 15 in Axes
 20406 | D:14     | Noticed Louise
 20421 | D:14     | Killed Louise
 20516 | D:14     | Found a gate to the Vaults.
 20644 | D:14     | Gained mutation: Your flesh is cold resistant. (rC+)
                  | [demonic ancestry]
 20644 | D:14     | Reached XP level 16. HP: 133/133 MP: 26/26
 20864 | D:14     | Found a white marble altar of Elyvilon.
 21292 | D:15     | Entered Level 15 of the Dungeon
 21388 | D:15     | Noticed Nessos
 21395 | D:15     | Killed Nessos
 21461 | D:15     | Found Oxoex's Distillery.
 21554 | D:15     | Bought a potion of heal wounds for 85 gold pieces
 21614 | D:15     | Found a staircase to the Depths.
 22133 | Snake:1  | Entered Level 1 of the Snake Pit
 22393 | Snake:1  | Found a runed translucent gate.
 22394 | Snake:1  | Found a runed translucent gate.
 22395 | Snake:1  | Found a runed translucent gate.
 22397 | Snake:1  | Noticed Numknucks's ghost (journeyman FeSu)
 22438 | Snake:1  | Killed Numknucks's ghost
 22743 | Snake:1  | Got a glittering glass ring
 22746 | Snake:1  | Got a pitted lead ring
 22748 | Snake:1  | Identified the ring "Camiukh" {AC+4 Str+4} (You found it on
                  | level 1 of the Snake Pit)
 22750 | Snake:1  | Identified the ring of Heabbos {*Contam rPois Int+8 Dex+6
                  | Stlth-} (You found it on level 1 of the Snake Pit)
 23642 | Snake:2  | Found an opulent altar of Gozag.
 23744 | Snake:2  | Reached skill level 15 in Invocations
 23881 | Snake:2  | Gained mutation: A demonic guardian rushes to your aid.
                  | [demonic ancestry]
 23881 | Snake:2  | Reached XP level 17. HP: 141/141 MP: 28/28
 24122 | Snake:3  | Found Gieqarirph's General Store.
 24140 | Snake:3  | Bought a scroll of blinking for 135 gold pieces
 24140 | Snake:3  | Bought a +1 cloak of stealth for 297 gold pieces
 24173 | Snake:3  | Found a shimmering altar of Xom.
 24440 | Snake:3  | Reached skill level 10 in Shields
 24537 | Snake:3  | Noticed Roxanne
 24571 | Snake:3  | Killed Roxanne
 24772 | Snake:4  | Entered Level 4 of the Snake Pit
 24949 | Snake:4  | Found Gahump's Book Shop.
 24958 | Snake:4  | Found Ubrehole's Weapon Boutique.
 26323 | Snake:4  | Gained mutation: You are completely covered in rugged brown
                  | scales. (AC +3, +7% HP) [demonic ancestry]
 26323 | Snake:4  | Reached XP level 18. HP: 143/155 MP: 29/29
 26346 | Snake:4  | Got a serpentine rune of Zot
 26716 | Shoals:1 | Entered Level 1 of the Shoals
 26750 | Shoals:1 | Upgraded the game from 0.27-a0-29-g2d0a2396b0 to
                  | 0.27-a0-34-gc18c9092ac
 27623 | Shoals:2 | Found a frozen archway.
 27639 | IceCv    | Entered an ice cave
 27913 | IceCv    | Noticed an Ice Fiend
 27927 | IceCv    | Killed an Ice Fiend
 29460 | Shoals:4 | Entered Level 4 of the Shoals
 29718 | Shoals:4 | Identified the Disquisition on Confrontation
 29982 | Shoals:4 | Noticed Kirke
 29999 | Shoals:4 | Killed Kirke
 30011 | Shoals:4 | Reached XP level 19. HP: 80/163 MP: 31/31
 30512 | Shoals:4 | Got a barnacled rune of Zot
 30957 | Elf:1    | Entered Level 1 of the Elven Halls
 31098 | Elf:1    | Reached skill level 15 in Fighting
 31304 | Elf:1    | Got a crude wooden ring
 31305 | Elf:1    | Identified the ring "Diluwurphi" {Fire Int+5} (You found it
                  | on level 1 of the Elven Halls)
 31566 | Elf:1    | Found Yleumn's Jewellery Shoppe.
 31567 | Elf:1    | Found Cauniu's Book Boutique.
 31577 | Elf:1    | Bought the ring "Eleaj" {rElec rC++ Will+ Str+6 Stlth-} for
                  | 1318 gold pieces
 31655 | Elf:1    | Identified Xahip's Reference Book on Slavery
 31722 | Elf:1    | Found Nehaziat's General Store.
 31781 | Elf:1    | Found Kifoh's Armour Boutique.
 31902 | Elf:1    | Found Boriwa's Distillery.
 31910 | Elf:1    | Bought 2 potions of heal wounds for 160 gold pieces
 31910 | Elf:1    | Bought a potion of heal wounds for 80 gold pieces
 31910 | Elf:1    | Bought a potion of heal wounds for 80 gold pieces
 32221 | Elf:2    | Found a runed translucent gate.
 32526 | Elf:2    | Got a jewelled leather armour
 32528 | Elf:2    | Identified the cursed +1 leather armour of Jigsaw {rElec
                  | rN+} (You found it on level 2 of the Elven Halls)
 32729 | Elf:2    | Found a runed translucent gate.
 32729 | Elf:2    | Found a runed translucent gate.
 32745 | Elf:3    | Entered Level 3 of the Elven Halls
 32800 | Elf:3    | Found Kolikuy's Distillery.
 32853 | Elf:3    | Found Bimu's Distillery.
 32947 | Elf:3    | Found Vamesire's Distillery.
 32983 | Elf:3    | Noticed Aizul
 32997 | Elf:3    | Killed Aizul
 33082 | Elf:3    | Found Meipto's Magic Scroll Emporium.
 33085 | Elf:3    | Bought a scroll of blinking for 127 gold pieces
 33085 | Elf:3    | Bought a scroll of teleportation for 51 gold pieces
 33085 | Elf:3    | Bought a scroll of blinking for 127 gold pieces
 33093 | Elf:3    | Noticed a Brimstone Fiend
 33102 | Elf:3    | Noticed a Tzitzimitl
 33289 | Elf:3    | Identified the +6 spear of the Purse {holy, rF++ rN+ Int-2
                  | SInv}
 33314 | Elf:3    | Gained mutation: Scrolls take you a little longer to read.
                  | [a cacodemon]
 33339 | Elf:3    | Identified the ring "Roerigho" {*Tele Will+ Int+2}
 33342 | Elf:3    | Identified the cursed +0 dagger of Vuur {vorpal, rElec
                  | rPois Dex-2 SInv}
 33572 | Elf:3    | Noticed a Tzitzimitl
 33575 | Elf:3    | Gained mutation: You are immune to freezing clouds.
                  | [demonic ancestry]
 33575 | Elf:3    | Reached XP level 20. HP: 169/175 MP: 32/32
 33657 | Elf:3    | Identified the cursed +3 rapier "Biar" {flame, *Noise rC++
                  | Str+3 Dex+4}
 33842 | Elf:3    | Got a translucent helmet
 33845 | Elf:3    | Identified the +2 helmet "Napno Omi" {rPois} (You found it
                  | on level 3 of the Elven Halls)
 33878 | Elf:3    | Identified the Almanac of Shifting Flight
 34014 | Elf:3    | Got an ichor-stained chain mail
 34017 | Elf:3    | Identified the +6 chain mail of the Boiling Point {+Inv rF+
                  | Will-} (You found it on level 3 of the Elven Halls)
 34196 | Elf:3    | Got a fine scale mail
 34200 | Elf:3    | Identified the +6 scale mail "Osajul" {rElec Str+4} (You
                  | found it on level 3 of the Elven Halls)
 34437 | Vaults:1 | Entered Level 1 of the Vaults
 34567 | Vaults:1 | Found a ruined gateway.
 34574 | Desolati | Entered the Desolation of Salt
 34631 | Desolati | Identified Tiuptiasch's Grimoire of Spatial Cold
 34680 | Desolati | Identified the Papyrus of Ghastly Transmigration
 34757 | Desolati | Identified the Incunabulum of Sinister Rites
 34766 | Desolati | Got a glittering amber ring
 34767 | Desolati | Identified the Incunabulum of the Frigorific Voyage
 34773 | Desolati | Identified the ring "Orown" {rF+ Will+ Dex+3} (You found it
                  | in the Desolation of Salt)
 34937 | Desolati | Reached skill level 15 in Dodging
 34946 | Desolati | Got a smoking pewter ring
 34948 | Desolati | Identified the Incunabulum of Flying Changing
 34959 | Desolati | Identified the ring of Ruhei {Str-2 Int+7 Dex+6} (You found
                  | it in the Desolation of Salt)
 35563 | Vaults:1 | Reached skill level 10 in Armour
 35898 | Vaults:1 | Gained mutation: A powerful demonic guardian rushes to your
                  | aid. [demonic ancestry]
 35898 | Vaults:1 | Reached XP level 21. HP: 184/184 MP: 34/34
 36609 | Vaults:2 | Learned a level 2 spell: Blink
 36677 | Vaults:2 | Reached skill level 1 in Spellcasting
 36784 | Vaults:2 | Reached skill level 1 in Translocations
 36952 | Vaults:2 | Found a huge runed gate.
 36952 | Vaults:2 | Found a huge runed gate.
 36952 | Vaults:2 | Found a huge runed gate.
 36952 | Vaults:2 | Found a huge runed gate.
 36952 | Vaults:2 | Found a huge runed gate.
 36952 | Vaults:2 | Found a huge runed gate.
 36953 | Vaults:2 | Found a huge runed gate.
 36953 | Vaults:2 | Found a huge runed gate.
 36953 | Vaults:2 | Found a huge runed gate.
 36953 | Vaults:2 | Found a huge runed gate.
 36953 | Vaults:2 | Found a huge runed gate.
 36962 | Vaults:2 | Found a huge runed gate.
 36966 | Vaults:2 | Found a huge runed gate.
 36967 | Vaults:2 | Found a huge runed gate.
 36971 | Vaults:2 | Found a huge runed gate.
 36972 | Vaults:2 | Found a huge runed gate.
 36973 | Vaults:2 | Found a huge runed gate.
 36974 | Vaults:2 | Found a huge runed gate.
 37045 | Vaults:2 | Found a huge runed gate.
 37045 | Vaults:2 | Found a huge runed gate.
 37045 | Vaults:2 | Found a huge runed gate.
 37045 | Vaults:2 | Found a huge runed gate.
 37045 | Vaults:2 | Found a huge runed gate.
 37045 | Vaults:2 | Found a huge runed gate.
 37045 | Vaults:2 | Found a huge runed gate.
 37046 | Vaults:2 | Found a huge runed gate.
 37047 | Vaults:2 | Found a huge runed gate.
 37067 | Vaults:2 | Found a huge runed gate.
 37067 | Vaults:2 | Found a huge runed gate.
 37067 | Vaults:2 | Found a huge runed gate.
 37067 | Vaults:2 | Found a huge runed gate.
 37067 | Vaults:2 | Found a huge runed gate.
 37067 | Vaults:2 | Found a huge runed gate.
 37068 | Vaults:2 | Found a huge runed gate.
 37069 | Vaults:2 | Found a huge runed gate.
 37070 | Vaults:2 | Found a huge runed gate.
 37209 | Vaults:2 | Found a staircase to the Crypt.
 37693 | Vaults:2 | Identified the +5 shortbow "Komysick" {vorpal, *Slow +Blink
                  | rN+ Str+2}
 38092 | Vaults:3 | Reached XP level 22. HP: 194/194 MP: 35/35
 38179 | Vaults:3 | Learned a level 1 spell: Apportation
 38611 | Vaults:3 | Reached skill level 5 in Translocations
 38727 | Vaults:3 | You fall into a shaft and drop 1 floor!
 38732 | Vaults:4 | Identified the Guide on Beguiling and the Mountains
 39367 | Vaults:4 | Reached skill level 15 in Shields
 39451 | Vaults:4 | Noticed Xtahua
 39465 | Vaults:4 | Killed Xtahua
 40487 | Depths:1 | Entered Level 1 of the Depths
 40841 | Depths:1 | Found a gateway to Hell.
 41483 | Depths:1 | Gained mutation: A frigid envelope surrounds you and
                  | freezes all who hurt you. [demonic ancestry]
 41483 | Depths:1 | Reached XP level 23. HP: 205/205 MP: 37/37
 41835 | Depths:2 | Found a gateway to a ziggurat.
 41870 | Depths:2 | Paralysed by a great orb of eyes for 2 turns
 41992 | Depths:2 | Noticed a caustic shrike
 41999 | Depths:2 | Identified the +11 glaive of Pireqen {venom, rPois Str+3}
 42010 | Depths:2 | Killed a caustic shrike
 42054 | Depths:2 | Found the +3 crown of Dyrovepreva {rElec Int+2 SInv}
 42121 | Depths:2 | Identified the Almanac of Poisoning and Cold
 42149 | Depths:2 | Got an ivory dagger
 42152 | Depths:2 | Identified the +4 dagger of Hudd {vamp, rN++ Str+2} (You
                  | found it on level 2 of the Depths)
 43121 | Depths:4 | Found a one-way gate to the infinite horrors of the Abyss.
 43496 | Depths:4 | Noticed the Enchantress
 43511 | Depths:4 | Mangled by a spriggan defender

Illustrated notes

Levels and vault maps discovered:
D:1:      dpeg_arrival_shelter, layout_loops_ring
D:2:      layout_loops_ring, yredelemnul_altar_generic,
          overflow_temple_1_default, nzn_hepliaklqana_mist_gate,
          grunt_decor_one_mirror
D:3:      layout_basic, gammafunk_ghost_arena
D:4:      layout_cave_pools, fedhas_altar_fruit_tree, lemuel_doored_altar,
          kennysheep_generic_room_12, uniq_crazy_yiuf_cottage,
          uniq_blork_the_orc
D:5:      layout_loops_corners, kennysheep_little_box,
          eat_drink_and_be_merry_uskayaw, lightli_sewer_entry_pipes,
          serial_shops, kennysheep_mini_moat
D:6:      layout_rooms, lemuel_crystal_altar, minmay_temple_entry_offerings,
          serial_shops, nicolae_shop_overgrown_old_shop, uniq_edmund
D:7:      layout_loops_cross, nicolae_overflow_crystal_walls, enter_ossuary_2
D:8:      layout_rooms, slow_altar_1, minmay_guarded_unrand_staff_of_olgreb,
          uniq_maurice
D:9:      layout_roguey, old_standard_altar, minmay_orc_entry_temple_small,
          uniq_erica
D:10:     layout_basic, uniq_snorg
D:11:     cheibrodos_elevator_heist, layout_irregular_city, lair_entry_dummy
D:12:     layout_roguey, gammafunk_ghost_hydra_chop, serial_shops,
          nicolae_shop_behind_doors
D:13:     kennysheep_room_grid, layout_cave_pools, nzn_random_ring
D:14:     layout_stronghold, lightli_vaults_fourway_checkpoint,
          minmay_misc_feat_alley, elyvilon_altar_3, uniq_louise
D:15:     hangedman_depths_entry_civil_slaughter, layout_small_grid,
          abandoned_shop, serial_shops, shop, minmay_hedge_maze,
          minmay_misc_feat_more_columns, uniq_nessos
Temple:   jpeg_temple_clearing
Lair:1:   beast_lair_carwin_large_1, layout_gridlike,
          grunt_forest_large_clearing_hut, infiniplex_staircase_pool,
          minmay_lair_oklob_chamber
Lair:2:   layout_regular_city, grunt_megastairs_4
Lair:3:   gammafunk_indiana_jones, layout_chaotic_city, minmay_shoals_entry_hut,
          guppyfry_snake_entry_garden
Lair:4:   beast_lair_carwin_large_2, layout_small_grid, minmay_another_anthill
Lair:5:   layout_small_grid, chequers_serial_rivers_micro_d
Lair:6:   grunt_lair_end_beastmaster, layout_loops_ring,
          minmay_slime_entry_jelly_boxes
Shoals:1: layout_shoals
Shoals:2: layout_shoals, portal_ice_cave_entry_pillars_1,
          nicolae_shoals_flooded_hall
Shoals:3: layout_shoals, nicolae_shoals_so_close
Shoals:4: shoals_end_simple, layout_shoals, uniq_kirke
Snake:1:  layout_basic, gammafunk_ghost_split, serial_bayou_pond_d,
          hangedman_snake_pattern, grunt_megastairs_5
Snake:2:  layout_misc_corridors, basic_altar
Snake:3:  layout_misc_corridors, basic_altar, serial_shops, shop,
          grunt_ministairs_1, st_stairs_6, uniq_roxanne
Snake:4:  grunt_snake_rune_pools, layout_cave_town, minmay_shoptagon,
          serial_bayou_shore_a
Orc:1:    layout_caves, david_defended_altar_orc
Orc:2:    st_orc_ogre_mass, layout_diamond_mine, basic_altar, uniq_donald,
          uniq_urug, uniq_erolcha
Elf:1:    layout_onion_city, serial_shops, nicolae_shop_crystal, shop, shop,
          shop, shop, minmay_elf_demonology, evilmike_minifort
Elf:2:    layout_onion_city
Elf:3:    nooodl_elf_gasket, layout_geoelf_grid, serial_shops,
          nicolae_shop_behind_doors, nicolae_shop_behind_doors,
          nicolae_shop_temple_entry_statues_fountains, shop, drop_trap,
          nicolae_elf_m_pinch, uniq_aizul
Vaults:1: v_misc_18, nicolae_vaults_network_barrier, nicolae_vaults_what_the_h,
          v_misc_28, vaults_dpeg_ring, v_alt_pattern_5,
          ontoclasm_vaults_loading_screen, ontoclasm_vaults_loading_screen,
          layout_vaults_omnigrid, portal_desolation_entry_nicolae_slug
Vaults:2: vaults_door_vault, minmay_crypt_entry_simple_corners, v_rooms_2,
          ontoclasm_vaults_loading_screen, v_rooms_4, hangedman_vaults_impose,
          ontoclasm_vaults_ring_small, grunt_vaults_funnel, v_misc_30,
          dpeg_vaults_monster_box, v_misc_27, nicolae_vaults_little_squares_4,
          layout_vaults_omnibox
Vaults:3: nicolae_vaults_circle_grid_b, nicolae_vaults_fighting_squares,
          v_misc_18, nicolae_vaults_diagonal_hallway_7, vaults_mumra_hex,
          hangedman_vaults_capsules, v_misc_14, vaults_room_fancy_cross,
          ontoclasm_vaults_fault, ontoclasm_vaults_claustrophobia,
          vaults_room_grid, grunt_vaults_swirl, layout_vaults_maze_bifur
Vaults:4: nicolae_vaults_network_quinsquares
          [nicolae_vaults_network_quincunx_subvault,
          nicolae_vaults_network_quincunx_subvault,
          nicolae_vaults_network_quincunx_subvault,
          nicolae_vaults_network_quincunx_subvault], v_pattern_5, v_misc_25,
          v_misc_18, nicolae_vaults_triangles, vaults_mumra_minichess,
          v_misc_11, dpeg_vaults_waves, ontoclasm_vaults_hangar,
          vaults_dpeg_hooks, vaults_room_pool, nicolae_vaults_shelves_hall,
          layout_vaults_big_cross, uniq_xtahua
Depths:1: layout_honeycomb, minmay_misc_feat_enclosed, hell_entry,
          kennysheep_two_boxes, serial_bayou_shore_b
Depths:2: minmay_the_grid_octo_triangle [minmay_the_grid_octo_odd_swirl,
          minmay_the_grid_octo_prize_star, minmay_the_grid_octo_teeth],
          layout_honeycomb, enter_ziggurat_c, hell_entry, roderic_roman_lattice,
          lemuel_old_faithful, minmay_staircase_bubble, serial_bayou_shore_b,
          serial_bayou_shore_b
Depths:3: lemuel_river_lethe, pan_entry, hell_entry
Depths:4: grunt_arcs, layout_cave_shapes, grunt_hell_entry_dis_mu, abyss_entry,
          hex_large, uniq_enchantress

Skill      XL: |  1  2  3  4  5  6  7  8  9 10 11 12 13 14 15 16 17 18 19 20 21 22 23 |
---------------+----------------------------------------------------------------------+-----
Dodging        | 1 2 3 4 5 6 7 8 9 10 11 12 13 14 15 17 18 | 18.9
Throwing       | 2 3 4 5 6 8 10 11 12 13 14 | 14.0
Armour         | 1 2 3 4 5 6 8 10 | 10.0
Fighting       | 3 4 5 6 7 8 9 10 11 12 13 14 15 16 17 18 20 | 20.3
Axes           | 2 3 4 6 8 9 11 12 13 15 16 | 16.0
Shields        | 2 3 4 5 6 7 9 10 11 12 13 14 15 | 15.0
Invocations    | 1 4 6 8 9 11 12 13 15 16 17 18 19 20 | 20.0
Evocations     | 1 4 5 |  5.0
Spellcasting   | 2 |  2.0
Translocations | 4 5 |  5.0
Short Blades   | |  1.7
Stealth        | |  3.6

Action                   |  1- 3 |  4- 6 |  7- 9 | 10-12 | 13-15 | 16-18 | 19-21 | 22-24 || total
-------------------------+-------+-------+-------+-------+-------+-------+-------+-------++-------
Melee: Dagger            |    50 |   209 |       |       |       |       |       |       ||   259
       Kick              |     6 |    57 |    97 |   163 |   388 |   717 |   810 |   694 ||  2932
       War axe           |       |    35 |   283 |   388 |   817 |  1217 |  1299 |  1003 ||  5042
       Unarmed           |       |       |       |       |       |     8 |       |       ||     8
Throw: Dart              |    42 |     9 |     3 |       |       |       |       |       ||    54
       Boomerang         |       |       |       |    30 |    35 |   123 |    41 |     6 ||   235
Evoke: Wand              |       |       |       |       |    13 |       |       |     1 ||    14
  Use: Scroll            |       |     8 |     3 |    23 |     3 |     4 |    26 |     2 ||    69
       Potion            |       |       |       |     3 |       |     7 |     2 |     3 ||    15
 Stab: Sleeping          |       |     6 |    17 |     5 |    10 |     6 |     1 |       ||    45
       Distracted        |       |       |     2 |     4 |    16 |    11 |     4 |    18 ||    55
       Petrifying        |       |       |       |     2 |       |       |       |       ||     2
Armor: Leather armour    |    19 |    63 |     2 |       |       |       |       |       ||    84
       Robe              |     1 |       |       |       |       |       |       |       ||     1
       Ring mail         |       |       |    74 |   173 |   239 |   235 |   185 |   123 ||  1029
Dodge: Dodged            |    33 |   165 |   146 |   325 |   527 |   855 |   759 |   671 ||  3481
Block: Buckler           |       |       |    31 |   134 |    16 |       |       |       ||   181
       Kite shield       |       |       |       |       |   430 |   901 |  1088 |   883 ||  3302
       Reflection        |       |       |       |       |    14 |   110 |   117 |    55 ||   296

Table legend: (Time is in decaauts)
 A = Elapsed time spent in this place.
 B = Non-inter-level travel time spent in this place.
 C = Inter-level travel time spent in this place.
 D = Time resting spent in this place.
 E = Time spent auto-exploring this place.
 F = Levels seen in this place.
 G = Mean time per level.
                   A        B        C        D        E       F      G
               +--------+--------+--------+--------+--------+-----+--------+
         Total |  43122 |  41408 |   1714 |   4128 |  22652 |  47 |  917.5 |
       Dungeon |  13860 |  13177 |    683 |   1871 |   6909 |  15 |  924.0 |
        Temple |     96 |     96 |      0 |      0 |     72 |   1 |   96.0 |
          Lair |   6377 |   6068 |    309 |    638 |   3650 |   6 | 1062.8 |
        Shoals |   3849 |   3704 |    145 |    338 |   1882 |   4 |  962.2 |
     Snake Pit |   4423 |   4216 |    207 |    643 |   2477 |   4 | 1105.8 |
  Orcish Mines |   1378 |   1313 |     65 |     49 |    600 |   2 |  689.0 |
   Elven Halls |   3214 |   3121 |     93 |    508 |   1572 |   3 | 1071.3 |
        Vaults |   4937 |   4755 |    182 |     12 |   2845 |   4 | 1234.2 |
        Depths |   2835 |   2807 |     28 |      7 |   1691 |   4 |  708.8 |
         Sewer |    763 |    763 |      0 |     48 |    522 |   1 |  763.0 |
       Ossuary |    298 |    298 |      0 |      0 |     43 |   1 |  298.0 |
      Ice Cave |    388 |    388 |      0 |      0 |     92 |   1 |  388.0 |
    Desolation |    697 |    697 |      0 |     12 |    295 |   1 |  697.0 |
               +--------+--------+--------+--------+--------+-----+--------+

Top non-repeatable levels by time:
 Snake:4: 1742 daAuts
     D:3: 1668 daAuts
 Snake:1: 1436 daAuts
Vaults:1: 1376 daAuts
Vaults:4: 1329 daAuts
Shoals:4: 1301 daAuts
   Elf:3: 1267 daAuts
   Elf:1: 1217 daAuts
  Lair:1: 1197 daAuts
Vaults:2: 1164 daAuts
  Lair:4: 1164 daAuts
     D:5: 1138 daAuts
Depths:2: 1133 daAuts
Depths:1: 1120 daAuts
  Lair:3: 1098 daAuts
